 Dungeon Crawl Stone Soup version 0.31.0-11-ge490571c62 (webtiles) character file.

Game seed: 7016861532746969292

151 qw the Skirmisher (level 5, 0/29 HPs)
             Began as a Deep Elf Hunter on Feb 4, 2024.
             Incinerated by a bombardier beetle (6 damage)
             ... with a burning spray
             ... on level 3 of the Dungeon.
             The game lasted 00:00:07 (1597 turns).

qw the Skirmisher (Deep Elf Hunter)                 Turns: 1597, Time: 00:00:08

Health: 0/29       AC:  8    Str: 10    XL:     5   Next: 10%
Magic:  7/7        EV: 11    Int: 14    God:
Gold:   51         SH:  0    Dex: 18    Spells: 4/4 levels left

rFire   . . .        a - +0 shortbow
rCold   + . .        (shield currently unavailable)
rNeg    . . .        h - +1 ring mail
rPois   .            i - +1 helmet
rElec   .            (no cloak)
rCorr   +            (no gloves)
SInv    .            (no boots)
Will    .....        (no amulet)
Stlth   +            d - ring of resist corrosion
HPRegen 0.24/turn    e - ring of protection from cold
MPRegen 0.10/turn

%: no passive effects
@: on fire, glowing
A: no striking features
a: no special abilities


You were on level 3 of the Dungeon.
You visited 1 branch of the dungeon, and saw 3 of its levels.

You collected 156 gold pieces.
You spent 105 gold pieces at shops.


   Skills:
 - Level 1.5 Fighting
 + Level 8.5 Ranged Weapons
 - Level 2.4 Dodging
 - Level 1.2 Stealth


You had 4 spell levels left.
You didn't know any spells.
Your spell library was empty.

Inventory:

Hand Weapons
 a - a +0 shortbow (weapon)
Armour
 h - a +1 ring mail (worn)
 i - a +1 helmet (worn)
Jewellery
 d - a ring of resist corrosion (left hand)
 e - a ring of protection from cold (right hand)
 k - an amulet of faith
 n - a ring of willpower
Scrolls
 b - a scroll of teleportation {unknown}
 l - a scroll of fear {unknown}
 m - a scroll of vulnerability {unknown}
 o - a scroll of amnesia {unknown}
Potions
 c - 3 potions of curing
 f - a potion of heal wounds
 g - a potion of magic {unknown}
 j - a potion of haste {unknown}

Dungeon Overview and Level Annotations

Branches:
Dungeon (3/15)

Altars:
Trog

Shops:
D:1 ?   D:2 :   D:3 !


Message History

You shoot an arrow. The arrow hits the goblin.
The goblin shouts!
The goblin is moderately wounded.
You shoot an arrow. The arrow barely misses the goblin.
You shoot an arrow. The arrow barely misses the goblin.
You shoot an arrow. The arrow hits the goblin!
You kill the goblin!
Found a leather armour.
Things that are here:
a +0 club; a goblin corpse
Found a stone staircase leading down.
There is a stone staircase leading down here.
Found 5 stones.
A bombardier beetle comes into view.
You shoot an arrow.
The arrow closely misses the bombardier beetle.
You shoot an arrow. The arrow hits the bombardier beetle!
The bombardier beetle is heavily wounded.
The bombardier beetle sprays incendiary fluid at you.
The burning spray hits you.
You are covered in liquid fire!
You shoot an arrow. The arrow hits the bombardier beetle.
The bombardier beetle is heavily wounded.
The liquid fire burns you!
You shoot an arrow. The arrow hits the bombardier beetle.
The bombardier beetle is severely wounded.
The liquid fire burns you!
You shoot an arrow. The arrow hits the bombardier beetle.
You kill the bombardier beetle!
The liquid fire burns you!
You have reached level 5!
You are on fire!
The liquid fire burns you!
You are on fire!
The liquid fire burns you!
You are on fire!
The liquid fire burns you!
You are on fire!
The liquid fire burns you!
You die...

.....####
#.###.###.###.##.##.
....\...# #.###.#
#.....##.##.
####....#
#...#.#####.#.##.##.
#..###
#.........#.##.##.
#..# #
#...#######.##.##.
#### #.
###...............
.# ..
#...###.###.######
.# #.#.#.....# #.#
#########.#
#(.@####### #)#
........#.# ##.##
#.# #######.#.# #%
#.# #.#.# #.
#.###### #######.#.#
#. #.......
..........# ##
#######. ...####.###
#. .#.# #.# #######.
.#.####.# #......%


There were no monsters in sight!

Vanquished Creatures
  A bombardier beetle (D:3)
  Terence (D:2)
  3 adders
  A ribbon worm (D:2)
  3 dart slugs
  2 orcs (D:3)
  7 ball pythons
  6 bats
  5 endoplasms
  A giant cockroach (D:1)
  3 hobgoblins
  A kobold (D:1)
  3 quokkas
  3 frilled lizards
  6 goblins
  7 rats
53 creatures vanquished.

Notes
Turn   | Place    | Note
-------+----------+-------------------------------------------
     0 | D:1      | qw the Deep Elf Hunter began the quest for the Orb.
     0 | D:1      | Reached XP level 1. HP: 12/12 MP: 3/3
     0 | D:1      | 0 ||| qw: Version: 0.3-a-160-g6735b56
     0 | D:1      | 0 ||| qw: Game counter: 6095
     0 | D:1      | 0 ||| qw: Melee chars always use a shield: true
     0 | D:1      | 0 ||| qw: God list: Okawaru
     0 | D:1      | 0 ||| qw: Allow faded altars: false
     0 | D:1      | 0 ||| qw: Do Orc after clearing Dungeon:15 true
     0 | D:1      | 0 ||| qw: Do second Lair branch before Depths: true
     0 | D:1      | 0 ||| qw: Lair rune preference: random
     0 | D:1      | 0 ||| qw: Goals: Normal
     0 | D:1      | 0 ||| PLANNING D:1-11
    95 | D:1      | Reached skill level 6 in Ranged Weapons
    95 | D:1      | Reached XP level 2. HP: 16/16 MP: 4/4
   278 | D:1      | Found Vuaxtoet's Magic Scroll Boutique.
   285 | D:1      | 285 ||| BUYING scroll of identify (22 gold).
   285 | D:1      | Bought a scroll of identify for 22 gold pieces
   285 | D:1      | 285 ||| BUYING scroll of identify (22 gold).
   285 | D:1      | Bought a scroll of identify for 22 gold pieces
   285 | D:1      | 285 ||| BUYING scroll of identify (22 gold).
   285 | D:1      | Bought a scroll of identify for 22 gold pieces
   285 | D:1      | 285 ||| SHOPLISTING scroll of teleportation (33 gold, have
                  | 2).
   386 | D:1      | 386 ||| UPGRADING to +0 ring mail.
   396 | D:1      | 396 ||| DROPPING +0 leather armour.
   397 | D:1      | 397 ||| UPGRADING to ring of resist corrosion.
   398 | D:1      | 398 ||| DROPPING +6 ring of intelligence.
   399 | D:1      | 399 ||| READING 3 scrolls of identify.
   399 | D:1      | 399 ||| IDENTIFYING bubbling emerald potion
   400 | D:1      | 400 ||| READING 2 scrolls of identify.
   400 | D:1      | 400 ||| IDENTIFYING scroll labelled EHIOFU OSUETS
   401 | D:1      | 401 ||| READING scroll of identify.
   401 | D:1      | 401 ||| IDENTIFYING scroll labelled DADDYSMAFIA
   402 | D:1      | 402 ||| READING scroll of enchant armour.
   402 | D:1      | 402 ||| ENCHANTING +0 ring mail.
   403 | D:1      | 403 ||| DROPPING scroll of butterflies.
   404 | D:1      | 404 ||| DROPPING scroll of immolation.
   482 | D:2      | HP: 2/16 [ribbon worm (6)]
   483 | D:2      | 483 ||| DRINKING potion of heal wounds.
   488 | D:2      | Reached XP level 3. HP: 10/20 MP: 5/5
   491 | D:2      | 491 ||| FLEEEEING.
   494 | D:2      | 494 ||| FLEEEEING.
   495 | D:2      | 495 ||| FLEEEEING.
   499 | D:2      | 499 ||| FLEEEEING.
   500 | D:2      | 500 ||| FLEEEEING.
   501 | D:2      | 501 ||| FLEEEEING.
   502 | D:2      | 502 ||| FLEEEEING.
   503 | D:2      | 503 ||| FLEEEEING.
   504 | D:2      | 504 ||| FLEEEEING.
   505 | D:2      | 505 ||| FLEEEEING.
   506 | D:2      | 506 ||| FLEEEEING.
   577 | D:2      | Noticed Terence
   586 | D:2      | Killed Terence
   587 | D:2      | Reached skill level 7 in Ranged Weapons
   685 | D:2      | Reached XP level 4. HP: 22/25 MP: 6/6
   727 | D:2      | Found Hutyurud's Vocational Training.
   731 | D:2      | 731 ||| DROPPING +1 heavy sling.
  1070 | D:2      | 1070 ||| UPGRADING to +1 helmet.
  1075 | D:2      | 1075 ||| UPGRADING to ring of protection from cold.
  1076 | D:2      | 1076 ||| READING scroll of identify.
  1076 | D:2      | 1076 ||| IDENTIFYING bubbling green potion
  1077 | D:2      | 1077 ||| READING scroll labelled WARALA JYALUKLY.
  1078 | D:2      | 1078 ||| DRINKING 2 clear potions.
  1079 | D:2      | 1079 ||| DROPPING potion of berserk rage.
  1145 | D:3      | Found a bloodstained altar of Trog.
  1223 | D:3      | Found Zownimin's Distillery.
  1231 | D:3      | 1231 ||| SHOPLISTING 2 potions of mutation (208 gold, have
                  | 60).
  1231 | D:3      | 1231 ||| BUYING potion of curing (39 gold).
  1231 | D:3      | Bought a potion of curing for 39 gold pieces
  1231 | D:3      | 1231 ||| SHOPLISTING potion of curing (39 gold, have 21).
  1231 | D:3      | 1231 ||| SHOPLISTING potion of mutation (104 gold, have
                  | 21).
  1433 | D:3      | Reached skill level 8 in Ranged Weapons
  1594 | D:3      | Reached XP level 5. HP: 16/29 MP: 7/7
  1596 | D:3      | HP: 5/29 [burnt (4)]
  1597 | D:3      | Incinerated by a bombardier beetle

Levels and vault maps discovered:
D:1:      lightli_arrival_chessboard, layout_rooms, serial_shops, shop
D:2:      layout_loops_ring, nicolae_shop_vocational, uniq_terence
D:3:      layout_loops_ring, minmay_overflow_temple_hex,
          nicolae_overflow_crystal_walls, serial_shops, nicolae_square_shop

Skill      XL: |  1  2  3  4 |
---------------+-------------+-----
Ranged Weapons | 6 7 8 |  8.5
Fighting       | |  1.5
Dodging        | |  2.4
Stealth        | |  1.2

Action                     |  1- 3 |  4- 6 || total
---------------------------+-------+-------++-------
   Fire: Shortbow          |   105 |    57 ||   162
    Use: Scroll            |     4 |     2 ||     6
         Potion            |     1 |     1 ||     2
 Armour: Leather armour    |     8 |       ||     8
         Ring mail         |    34 |     2 ||    36
  Dodge: Dodged            |    40 |     4 ||    44

Table legend:
 A = Non-vault XP
 B = Vault XP
 C = Vault XP percentage of total XP
 D = Non-vault monster count
 E = Vault monster count
 F = Vault count percentage of total count
                 A         B        C        D         E       F
            +---------+---------+-------+---------+---------+-------
      Total |     180 |      36 |  16.7 |      52 |       1 |   1.9
            +---------+---------+-------+---------+---------+-------
        D:1 |      32 |       0 |   0.0 |      16 |       0 |   0.0
        D:2 |      46 |      36 |  43.9 |      19 |       1 |   5.0
        D:3 |     102 |       0 |   0.0 |      17 |       0 |   0.0
            +---------+---------+-------+---------+---------+-------
